Map: Eastwatch LE

Players

Nerchio

  • Race: Zerg Zerg
  • Spawn Location: 7:00

Rogue - Winner!

  • Race: Zerg Zerg
  • Spawn Location: 1:00

Event: IEM Season 12 - Katowice

VOD

Have the link to the VOD?

Description

Time

  • Played on: March 2, 2018, 10:05 a.m.
  • Length: 5:09

All games in this series

Show
View Real Time Build Order
Export as new Build Order

Nerchio Zerg 

Build Orders: Hatch First 

Get SALT Encoding   

  12  0:00  Drone  
  13  0:12  Overlord  
  13  0:17  Drone  
  14  0:30  Drone x2  
  14  0:34  Drone  
  17  0:51  Hatchery  
  17  0:55  Drone  
  17  0:58  Drone  
  18  1:06  Extractor  
  17  1:12  Spawning Pool  
  17  1:17  Drone  
  17  1:19  Drone  
  18  1:27  Drone  
  19  1:42  Drone  
  20  1:49  Hatchery  
  20  1:51  Drone  
  20  2:02  Queen  
  22  2:09  Metabolic Boost  
  22  2:12  Zergling x2  
  24  2:15  Drone  
  24  2:19  Drone  
  25  2:24  Overlord  
  25  2:31  Queen  
  25  2:34  Drone  
  28  2:42  Drone x2  
  28  2:43  Drone  
  31  2:45  Drone  
  31  2:50  Baneling Nest  
  31  2:53  Drone  
  32  3:00  Queen  
  32  3:04  Zergling x2  
  32  3:05  Zergling x2  
  36  3:09  Drone  
  36  3:10  Drone  
  36  3:12  Drone  
  39  3:15  Overlord  
  39  3:17  Drone  
  40  3:20  Drone  
  40  3:22  Zergling x2  
  42  3:31  Overlord  
  42  3:38  Zergling x2  
  42  3:39  Zergling x2  
  42  3:40  Baneling x2  
  44  3:43  Drone x5  
  44  3:44  Drone  
  44  3:47  Overlord  
  50  3:50  Zergling x2  
  50  3:51  Zergling x2  
  50  3:54  Baneling x2, Zergling x2  
  53  3:58  Zergling x2  
  53  4:02  Baneling  
  54  4:03  Evolution Chamber  
  54  4:06  Zergling x6  
  54  4:15  Zergling x8  
  55  4:17  Drone  
  55  4:21  Extractor  
  55  4:23  Drone x3  
  59  4:24  Drone  
  59  4:25  Drone x2  
  59  4:30  Zergling x2  
  59  4:31  Zergling x4  
  61  4:32  Zergling x2  
  61  4:36  Zergling x2  
  58  4:39  Zergling x2  
  58  4:42  Zergling x2  
  54  4:49  Zergling x2  
  54  4:51  Zergling x2  
Show
View Real Time Build Order
Export as new Build Order

Rogue Zerg - Winner!

Build Orders: 3 Hatch before Pool, Zergling Baneling 

Get SALT Encoding   

  12  0:00  Drone  
  13  0:12  Overlord  
  13  0:16  Drone  
  14  0:30  Drone x2  
  14  0:34  Drone  
  17  0:51  Hatchery  
  17  0:54  Drone  
  17  0:58  Drone  
  18  1:17  Hatchery  
  17  1:20  Drone  
  17  1:24  Extractor  
  17  1:34  Spawning Pool  
  17  1:38  Drone  
  17  1:41  Drone  
  17  1:45  Drone  
  19  1:51  Drone  
  20  2:00  Drone  
  21  2:03  Drone  
  22  2:11  Drone  
  22  2:13  Drone  
  24  2:22  Queen  
  24  2:23  Queen  
  24  2:26  Metabolic Boost  
  28  2:34  Queen  
  30  2:38  Zergling x2  
  30  2:40  Drone  
  32  2:45  Overlord  
  32  2:52  Baneling Nest  
  32  2:54  Drone  
  32  2:55  Drone  
  32  2:57  Drone  
  34  3:03  Overlord  
  34  3:06  Zergling x2  
  34  3:07  Zergling x2  
  34  3:10  Zergling x2  
  37  3:14  Zergling x2  
  37  3:16  Zergling x2  
  37  3:19  Zergling x4  
  41  3:23  Zergling x2  
  42  3:27  Overlord  
  42  3:29  Zergling x2  
  42  3:31  Zergling x4  
  45  3:37  Baneling x2  
  45  3:39  Zergling x2  
  45  3:40  Zergling x2  
  47  3:41  Zergling x2  
  47  3:43  Baneling  
  47  3:44  Zergling x2  
  49  3:52  Zergling x6  
  49  3:53  Zergling x2  
  53  3:58  Baneling, Zergling x4  
  53  4:00  Zergling x2  
  56  4:03  Zergling x2  
  56  4:05  Baneling x2  
  56  4:08  Zergling x2  
  57  4:12  Zergling x2  
  57  4:16  Zergling x4  
  57  4:18  Baneling x4  
  57  4:20  Zergling x2  
  54  4:33  Zergling x2  
  54  4:34  Zergling x4  
  54  4:37  Zergling x10  
  56  4:40  Zergling x2  
  56  4:45  Zergling x4  
  57  4:51  Zergling x2  

Tags
 
Add a new tag
Caveats
  • Supply blocks, unpowered buildings, or Contaminate may cause inaccurate times.
  • Supply counts are checked every 10 seconds.